 Dungeon Crawl Stone Soup version 0.23.2-40-g277498a001 (webtiles) character file.

Game seed: 50341020919693773

7495 Exodus22XD the Cleaver (level 10, -28/91 HPs)
             Began as a Deep Dwarf Fighter on Sept 5, 2019.
             Was a Believer of Nemelex Xobeh.
             Annihilated by a reaper
             ... wielding a +6 scythe of freezing
             ... summoned by a guardian mummy's death curse
              (44 damage)
             ... on level 12 of the Dungeon.
             The game lasted 00:31:17 (7196 turns).

Exodus22XD the Cleaver (Deep Dwarf Fighter)         Turns: 7196, Time: 00:31:17

Health: -28/91     AC: 15    Str: 25    XL:     10   Next: 95%
Magic:  7/7        EV: 10    Int:  9    God:    Nemelex Xobeh [**....]
Gold:   467        SH: 12    Dex: 10    Spells: 9/9 levels left

rFire    . . .     SeeInvis .   B - +0 war axe
rCold    . . .     Gourm    +   c - +0 shield
rNeg     . . .     Faith    .   b - +0 scale mail
rPois    .         Spirit   .   z - +2 helmet
rElec    .         Reflect  .   q - +1 cloak
rCorr    .         Harm     .   l - +0 pair of gloves
MR       ++...     Rnd*Rage +   (no boots)
Stlth    ..........             s - amulet of the gourmand
HPRegen  0.00/turn              e - -2 ring of dexterity (curse)
MPRegen  0.10/turn              I - ring of protection from magic

@: non-regenerating
A: damage resistance, heal wounds, repulsion field 1, berserk 1, sense
surroundings 2, strong 1, no regeneration
a: Heal Wounds, Draw Escape, Draw Destruction, Draw Summoning, Renounce Religion


You were on level 12 of the Dungeon.
You worshipped Nemelex Xobeh.
Nemelex Xobeh was pleased with you.
You were very full.

You visited 2 branches of the dungeon, and saw 11 of its levels.

You collected 467 gold pieces.

Inventory:

Hand Weapons
 B - a +0 war axe (weapon)
Armour
 b - a +0 scale mail (worn)
 c - a +0 shield (worn)
 l - a +0 pair of gloves (worn)
 q - a +1 cloak (worn)
 z - a +2 helmet (worn)
Jewellery
 e - a cursed -2 ring of dexterity (left hand)
 s - an amulet of the gourmand (around neck)
 F - an uncursed ring of protection from fire
 I - a ring of protection from magic (right hand)
 J - a +5 ring of evasion {unknown}
Wands
 i - a wand of enslavement (3)
 v - a wand of paralysis (15)
 y - a wand of acid (8)
 A - a wand of flame (23)
 C - a wand of polymorph (8)
Scrolls
 a - a scroll of fear {unknown}
 h - 3 scrolls of enchant armour
 j - 5 scrolls of remove curse
 m - 2 scrolls of blinking
 p - 7 scrolls of teleportation
 D - a scroll of enchant weapon {unknown}
 E - a scroll of holy word {unknown}
 G - a scroll of noise {unknown}
 K - 2 scrolls of magic mapping
Potions
 d - a potion of might
 g - a potion of magic
 k - 2 potions of agility
 n - a potion of curing
 o - 4 potions of mutation
 r - a potion of ambrosia
 t - a potion of flight {unknown}
 u - a potion of brilliance {unknown}
 w - a potion of haste {unknown}
 x - a potion of cancellation {unknown}
 H - a potion of lignification {unknown}
Comestibles
 f - 15 rations


   Skills:
 + Level 6.0 Fighting
 + Level 11.2 Axes
 + Level 7.6 Armour
 + Level 9.2 Shields
 * Level 8.8 Invocations


You had 9 spell levels left.
You didn't know any spells.
Your spell library contained the following spells:

 Spells                   Type           Power        Failure   Level  Hunger
 Animate Skeleton         Necr           N/A          88%         1    ##.....
 Pain                     Necr           #...         88%         1    ##.....
 Vampiric Draining        Necr           #.........   99%         3    ####...
 Animate Dead             Necr           N/A          100%        4    #####..
 Regeneration             Chrm/Necr      Unusable     N/A         3    N/A

Dungeon Overview and Level Annotations

Branches:
Dungeon (12/15)            Temple (1/1) D:4
   Lair: D:8-11         Orc: D:9-12

Altars:
Ashenzari
Cheibriados
Dithmenos
Fedhas
Gozag
Hepliaklqana
Kikubaaqudgha
Makhleb
Nemelex Xobeh
Okawaru
Qazlal
Ru
Sif Muna
Trog
Uskayaw
Vehumet
Wu Jian
Xom
Yredelemnul
Zin
The Shining One

Shops:
D:7 %


Innate Abilities, Weirdness & Mutations

You are resistant to damage.
You can heal yourself by infusing magical energy.
You passively map the area around you.
You do not regenerate.
You are surrounded by a mild repulsion field. (EV +2)
You tend to lose your temper in combat.
Your muscles are strong. (Str +2)


Message History

You hit the reaper but do no damage.
The reaper is lightly wounded.
The reaper hits you but does no damage.
You completely miss the reaper. You completely miss the reaper.
You block the reaper's attack.
You hit the reaper.
The reaper is lightly wounded.
The reaper closely misses you.
You slash the reaper!
The reaper is lightly wounded.
You hit the reaper.
The reaper is moderately wounded.
The reaper hits you with a +6 scythe of freezing.
* * * LOW HITPOINT WARNING * * *
The reaper freezes you.
You closely miss the reaper.
The reaper is lightly wounded.
The reaper hits you with a +6 scythe of freezing!!!
You die...
Your body disappears without a glow.

####### #############
......####...........######
......'.##.........(......#*
......#..'...........##.#..*
...>..####.................#
......# #..######'######..#
......# #..#.M2@.......#
....).# #..#.'#######+.#
####+## ##.#.#...M...*, *
#.#.#.#####.* * *.#.#.#22.#.
, **,+.#.#22.#. ,,* * * *
,#.#M#2..#. , **
,,#.#.#####. , , , #.
....... *, *


You could see a reaper and a guardian mummy.

Vanquished Creatures
  A centaur zombie (D:12)
  A centaur skeleton (D:12)
  3 guardian mummies (D:12)
  A hornet (D:12)
  A troll (D:12)
  2 hippogriffs
  Sigmund (D:6)
  A spriggan (D:7)
  Eustachio (D:4)
  Menkaure (D:7)
  5 soldier ants (D:10)
  2 ice beasts (D:7)
  A phantom (D:7)
  A black bear (D:4)
  A sky beast (D:6)
  2 ogres
  4 bullfrogs
  2 scorpions
  2 howler monkeys
  3 crimson imps
  3 jellies
  4 hounds
  2 orc wizards (D:8)
  Crazy Yiuf (D:2)
  2 bullfrog skeletons
  An iguana (D:6)
  Ijyb (D:4)
  9 worker ants
  2 hound zombies
  2 mummies (D:12)
  A howler monkey zombie (D:6)
  4 gnolls
  12 adders
  2 shadow imps (D:12)
  An ooze (D:2)
  2 adder skeletons
  9 worms
  A dart slug (D:2)
  7 leopard geckos
  10 orcs
  9 bats
  3 giant cockroaches
  12 goblins
  14 hobgoblins
  19 jackals
  5 quokkas
  4 frilled lizards
  10 kobolds
  A quokka skeleton (D:6)
  10 rats
199 creatures vanquished.

Vanquished Creatures (collateral kills)
  A queen ant (D:10)
  The ghost of ciphuk the Fighter, a novice OgBe of Trog (D:7)
  Prince Ribbit (D:7)
  A troll (D:10)
  2 soldier ants (D:10)
  An ice beast (D:10)
  2 worker ants (D:10)
  An adder skeleton (D:7)
10 creatures vanquished.

Vanquished Creatures (others)
  5 yaks (D:10)
  2 soldier ants (D:10)
  7 worker ants (D:10)
  A worker ant zombie (D:10)
  2 ball lightnings (D:10)
17 creatures vanquished.

Grand Total: 226 creatures vanquished

Notes
Turn   | Place    | Note
-------+----------+-------------------------------------------
     0 | D:1      | Exodus22XD the Deep Dwarf Fighter began the quest for the
                  | Orb.
     0 | D:1      | Reached XP level 1. HP: 20/20 MP: 1/1
    27 | D:1      | Reached XP level 2. HP: 27/27 MP: 2/2
   181 | D:1      | Reached XP level 3. HP: 19/34 MP: 3/3
   730 | D:2      | Reached skill level 3 in Axes
   730 | D:2      | Reached XP level 4. HP: 38/42 MP: 3/3
  1075 | D:2      | Found a runed translucent door.
  1076 | D:2      | Noticed Crazy Yiuf
  1109 | D:2      | Killed Crazy Yiuf
  1109 | D:2      | Reached skill level 4 in Axes
  1109 | D:2      | Reached XP level 5. HP: 33/49 MP: 4/4
  1140 | D:2      | Found a bloodstained altar of Trog.
  1715 | D:3      | Reached XP level 6. HP: 31/56 MP: 5/5
  1739 | D:3      | Found a hazy altar of Hepliaklqana.
  1776 | D:3      | Noticed a hippogriff
  1790 | D:3      | Killed a hippogriff
  1790 | D:3      | Reached skill level 5 in Axes
  1827 | D:3      | Found an iron altar of Okawaru.
  1912 | D:3      | Found a shimmering altar of Xom.
  2237 | D:4      | Found a staircase to the Ecumenical Temple.
  2255 | Temple   | Entered the Ecumenical Temple
  2745 | Temple   | Became a worshipper of Nemelex Xobeh the Trickster
  2772 | D:4      | Reached skill level 5 in Armour
  2772 | D:4      | Reached skill level 5 in Shields
  2772 | D:4      | Reached skill level 1 in Invocations
  2772 | D:4      | Reached XP level 7. HP: 42/63 MP: 5/5
  2806 | D:4      | Received a gift from Nemelex Xobeh
  2859 | D:4      | Noticed Ijyb
  2872 | D:4      | Killed Ijyb
  3127 | D:4      | Reached skill level 6 in Axes
  3161 | D:4      | Noticed Eustachio
  3183 | D:4      | Killed Eustachio
  3597 | D:5      | Entered Level 5 of the Dungeon
  3619 | D:5      | Found a sand-covered staircase.
  3638 | D:5      | Reached XP level 8. HP: 54/72 MP: 7/7
  3703 | D:5      | Found a blossoming altar of Fedhas.
  3713 | D:5      | Reached * piety under Nemelex Xobeh
  3970 | D:5      | Reached skill level 7 in Axes
  4039 | D:5      | Received a gift from Nemelex Xobeh
  4134 | D:5      | Found a burning altar of Makhleb.
  4134 | D:5      | Noticed a green death
  4566 | D:6      | Received a gift from Nemelex Xobeh
  4768 | D:6      | Noticed Sigmund
  4769 | D:6      | Killed Sigmund
  5380 | D:7      | Reached ** piety under Nemelex Xobeh
  5401 | D:7      | Found Ibottumunt's Food Boutique.
  5509 | D:7      | Received a gift from Nemelex Xobeh
  5542 | D:7      | Noticed Menkaure
  5545 | D:7      | Killed Menkaure
  5545 | D:7      | Reached skill level 5 in Invocations
  5842 | D:7      | Gained mutation: You passively map the area around you.
                  | [Deep Dwarf growth]
  5842 | D:7      | Reached XP level 9. HP: 50/79 MP: 8/8
  5863 | D:7      | Found a runed translucent gate.
  5863 | D:7      | Noticed ciphuk's ghost (novice OgBe)
  5864 | D:7      | Found a runed translucent gate.
  5864 | D:7      | Found a runed translucent gate.
  5867 | D:7      | Noticed Prince Ribbit
  5884 | D:7      | Killed Prince Ribbit
  5884 | D:7      | Reached skill level 8 in Axes
  5905 | D:7      | Killed ciphuk's ghost
  6038 | D:7      | Received a gift from Nemelex Xobeh
  6185 | D:7      | Reached skill level 5 in Fighting
  6185 | D:7      | Reached skill level 9 in Axes
  6678 | D:8      | Found an opulent altar of Gozag.
  6678 | D:8      | Found a sacrificial altar of Ru.
  6716 | D:8      | You fall through a shaft for 2 floors!
  6716 | D:10     | Entered Level 10 of the Dungeon
  6720 | D:10     | Noticed a queen ant
  6726 | D:10     | Reached XP level 10. HP: 58/88 MP: 8/10
  6740 | D:10     | Gained mutation: You tend to lose your temper in combat.
                  | [potion of mutation]
  6740 | D:10     | Gained mutation: Your muscles are strong. (Str +2) [potion
                  | of mutation]
  6740 | D:10     | Gained mutation: You are surrounded by a mild repulsion
                  | field. (EV +2) [potion of mutation]
  6748 | D:10     | Reached skill level 10 in Axes
  6751 | D:10     | Identified the +2 long sword of Sloth {holy, -Tele rPois
                  | rF+ Int+3}
  6774 | D:10     | Killed a queen ant
  6802 | D:10     | You fall through a shaft for 2 floors!
  6858 | D:12     | Paralysed by a hornet for 3 turns
  6863 | D:12     | Paralysed by a hornet for 3 turns
  7086 | D:12     | Reached skill level 11 in Axes
  7138 | D:12     | Noticed a reaper
  7138 | D:12     | Noticed a reaper
  7138 | D:12     | Noticed a reaper
  7138 | D:12     | Noticed a reaper
  7138 | D:12     | Noticed a reaper
  7185 | D:12     | Noticed a reaper
  7196 | D:12     | Annihilated by a reaper

Skill      XL: |  1  2  3  4  5  6  7  8  9 10 |
---------------+-------------------------------+-----
Fighting       | 3 4 5 6 |  6.0
Shields        | 4 5 7 8 9 |  9.2
Axes           | 3 4 5 6 7 9 11 | 11.2
Armour         | 4 5 6 7 |  7.6
Invocations    | 1 3 5 7 8 |  8.8

Action                   |  1- 3 |  4- 6 |  7- 9 | 10-12 || total
-------------------------+-------+-------+-------+-------++-------
Melee: War axe           |   108 |   230 |   323 |   146 ||   807
       Unarmed           |       |       |   221 |       ||   221
 Abil: Heal Wounds       |     1 |     5 |     9 |    14 ||    29
       Draw Destruction  |       |       |    13 |     6 ||    19
       Draw Escape       |       |       |     1 |     2 ||     3
       Draw Summoning    |       |       |     3 |     4 ||     7
  Use: Scroll            |       |     6 |     5 |     3 ||    14
       Potion            |       |       |       |     2 ||     2
 Stab: Distracted        |       |       |       |     2 ||     2
  Eat: Chunk             |       |    16 |    15 |       ||    31
Armor: Scale mail        |    50 |   111 |   253 |    49 ||   463
Dodge: Dodged            |    39 |    78 |   157 |    54 ||   328
Block: Shield            |    72 |   150 |   274 |    73 ||   569
